 Dungeon Crawl Stone Soup version 0.16-a0-2818-g1ef6e07 (webtiles) character file.

108 Johnny the Grave Robber (level 4, 0/34 HPs)
             Began as a Demigod Necromancer on Nov 28, 2014.
             Slain by an orc
             ... wielding a +2 trident of freezing
              (1 damage)
             ... on level 3 of the Dungeon.
             The game lasted 00:05:14 (2487 turns).

Johnny the Grave Robber (Demigod Necromancer)       Turns: 2487, Time: 00:05:14

Health: 0/34       AC:  3    Str: 11    XL:     4   Next: 33%
Magic:  7/11       EV: 13    Int: 21    God:
Gold:   110        SH:  0    Dex: 16    Spells: 3 memorised, 2 levels left

rFire  . . .     SeeInvis .     g - +4 hand axe (freeze)
rCold  . . .     Clarity  .     a - +0 robe
rNeg   . . .     SustAb   +     (no shield)
rPois  .         Gourm    .     (no helmet)
rElec  .         Spirit   .     (no cloak)
rCorr  .         Warding  .     v - +0 pair of gloves
rMut   .         Stasis   .     (no boots)
MR     .....                    (no amulet)
Stlth  ++........               (no ring)
                                (no ring)

@: not resistant to hostile enchantments, unstealthy
A: sustain abilities
a: no special abilities


You were on level 3 of the Dungeon.
You were hungry.

You visited 1 branch of the dungeon, and saw 3 of its levels.

You collected 110 gold pieces.

Inventory:

Hand weapons
 d - a +0 short sword
 g - a +4 hand axe of freezing (weapon)
 l - a +1 short sword of venom
 q - a +3 dagger
Armour
 a - a +0 robe (worn)
 v - a +0 pair of gloves (worn)
Scrolls
 i - 2 scrolls of recharging {unknown}
 j - a scroll of remove curse {unknown}
 k - a scroll of teleportation {unknown}
 o - a scroll of enchant armour {unknown}
 p - a scroll of identify {unknown}
 s - a scroll of fear {unknown}
Potions
 e - a potion of resistance {unknown}
 h - a potion of restore abilities {unknown}
 m - a potion of brilliance {unknown}
 r - a potion of haste {unknown}
Books
 b - a book of Necromancy

   Spells                             Type                      Level
   *Pain                              Necromancy                   1
   Animate Skeleton                   Necromancy                   1
   *Vampiric Draining                 Necromancy                   3
   Regeneration                       Charms/Necromancy            3
   Animate Dead                       Necromancy                   4
   Control Undead                     Necromancy                   4
 f - a book of Party Tricks

   Spells                             Type                      Level
   Summon Butterflies                 Summoning                    1
   Apportation                        Translocation                1
   *Blink                             Translocation                2
   Tukima's Dance                     Hexes                        3
   Alistair's Intoxication            Transmutation/Poison         4
 t - a book of Frost

   Spells                             Type                      Level
   Freeze                             Ice                          1
   Throw Frost                        Conjuration/Ice              2
   Ozocubu's Armour                   Charms/Ice                   3
   Throw Icicle                       Conjuration/Ice              4
   Summon Ice Beast                   Ice/Summoning                4
   Condensation Shield                Ice                          4
Comestibles
 c - 2 bread rations
 n - a beef jerky
 u - a slice of pizza


   Skills:
 + Level 0.5 Fighting
 + Level 1.0 Axes
 * Level 2.5 Dodging
 - Level 1.7 Stealth
 * Level 2.7 Spellcasting
 * Level 4.1 Necromancy
 + Level 0.3 Translocations


You had 2 spell levels left.
You knew the following spells:

 Your Spells              Type           Power        Failure   Level  Hunger
a - Pain                  Necr           ###.         2%          1    None
b - Blink                 Tloc           N/A          17%         2    ##.....
c - Vampiric Draining     Necr           ###.......   10%         3    ###....


Dungeon Overview and Level Annotations

Branches:
Dungeon (3/15)


Innate Abilities, Weirdness & Mutations

Your attributes are resistant to harm.


Message History

Okay, then.
Drink which item? (? for menu, Esc to quit)
Okay, then.
You aren't carrying any items that can be evoked.
Unknown command.
Unknown command.
Drink which item? (? for menu, Esc to quit)
Okay, then.
Read which item? (? for menu, Esc to quit)
Okay, then.
Casting: Pain
Confirm with . or Enter, or press ? or * to list all spells.
Aiming: Vampiric Draining
Press: ? - help, Shift-Dir - straight line Reactivating autopickup.
You feel a bit more experienced.
You feel life coursing into your body.
The orc hits you from afar with a trident of freezing!
* * * LOW HITPOINT WARNING * * *
The orc freezes you.
You die...

#.....#####
#.........+
##'######## #.#
#<# #o# #.# ######
#.# #.#######....#
#.# #.........##.#
#.##############.#
#.)oo.@..........#
##################


You could see 2 orcs.

Vanquished Creatures
  An orc wizard (D:3)
  2 adders
  A worm (D:2)
  2 oozes
  2 orcs (D:3)
  5 giant cockroaches
  5 goblins
  3 hobgoblins (D:1)
  4 jackals (D:1)
  A ball python (D:1)
  11 bats
  2 giant newts (D:2)
  7 kobolds
  6 rats
  A spectral orc (D:2)
53 creatures vanquished.

Notes
Turn   | Place    | Note
--------------------------------------------------------------
     0 | D:1      | Johnny, the Demigod Necromancer, began the quest for the Orb.
     0 | D:1      | Reached XP level 1. HP: 14/14 MP: 3/3
   576 | D:1      | Reached XP level 2. HP: 18/20 MP: 2/5
  1424 | D:1      | Reached XP level 3. HP: 15/26 MP: 8/8
  1644 | D:1      | Learned a level 3 spell: Vampiric Draining
  1886 | D:2      | Found a basalt altar of Yredelemnul.
  1950 | D:2      | Learned a level 2 spell: Blink
  2061 | D:2      | Reached skill level 1 in Axes
  2228 | D:2      | Reached skill level 4 in Necromancy
  2474 | D:3      | Reached XP level 4. HP: 30/34 MP: 8/11
  2487 | D:3      | HP: 1/34 [orc/trident of freezing (7)]
  2487 | D:3      | Slain by an orc

Action                   |  1- 3 |  4- 6 || total
-------------------------+-------+-------++-------
Melee: Hand axe          |    72 |     5 ||    77
       Short sword       |     5 |       ||     5
 Cast: Pain              |    31 |       ||    31
       Vampiric Draining |     2 |     1 ||     3
 Stab: Sleeping          |     6 |       ||     6
  Eat: Chunk             |     3 |       ||     3
       Fruit             |     2 |       ||     2
